Map: Eastwatch LE

Players

JonSnow

  • Race: Zerg Zerg
  • League: Master
  • Spawn Location: 1:00

puCK (Nina) - Winner!

  • Race: Protoss Protoss
  • Spawn Location: 7:00

VOD

Have the link to the VOD?

Description

Time

  • Played on: Feb. 1, 2018, 3:43 p.m.
  • Length: 21:28
Show
View Real Time Build Order
Export as new Build Order

JonSnow Zerg 

Build Orders: Hatch First, Lurkers 

Get SALT Encoding   

  12  0:00  Drone  
  13  0:13  Overlord  
  13  0:17  Drone  
  14  0:31  Drone x2  
  14  0:35  Drone  
  17  0:52  Hatchery  
  17  0:56  Drone  
  17  0:59  Drone  
  18  1:11  Extractor  
  17  1:14  Spawning Pool  
  17  1:18  Drone  
  17  1:21  Drone  
  18  1:35  Drone  
  19  1:40  Drone  
  20  1:50  Overlord  
  20  2:01  Drone  
  21  2:04  Queen x2  
  21  2:05  Zergling x2  
  26  2:12  Metabolic Boost  
  26  2:19  Drone  
  26  2:20  Drone  
  28  2:27  Drone x2  
  30  2:42  Hatchery  
  29  2:45  Drone  
  29  2:51  Drone x3  
  32  2:57  Queen  
  35  3:01  Overlord  
  35  3:07  Zergling x2  
  36  3:14  Overlord  
  36  3:25  Spore Crawler  
  34  3:28  Drone x6  
  34  3:29  Drone  
  34  3:33  Drone  
  42  3:34  Queen  
  42  3:38  Drone  
  42  3:40  Spore Crawler  
  44  3:43  Drone  
  45  3:48  Lair  
  45  3:52  Drone x2  
  47  3:59  Drone x3  
  47  4:00  Drone  
  51  4:09  Drone x3, Spore Crawler  
  53  4:10  Drone  
  53  4:16  Drone x3  
  55  4:21  Drone x3, Extractor  
  55  4:22  Extractor  
  55  4:25  Drone  
  55  4:27  Drone x2  
  58  4:37  Overlord  
  58  4:38  Overlord  
  58  4:43  Extractor  
  56  4:48  Queen, Hydralisk Den  
  57  4:53  Overlord  
  57  4:57  Zergling x10  
  62  5:00  Drone x6  
  62  5:02  Drone  
  62  5:03  Drone  
  62  5:06  Overlord  
  69  5:08  Overlord  
  69  5:21  Grooved Spines, Hydralisk x3  
  75  5:32  Evolution Chamber, Hydralisk  
  75  5:33  Zergling x2, Hydralisk x2  
  75  5:34  Zergling x4  
  80  5:43  Hydralisk x2  
  80  5:44  Zergling x6  
  83  5:57  Drone x7  
  89  6:05  Zerg Missile Weapons Level 1  
  89  6:31  Overlord x2  
  89  6:33  Overlord  
  89  6:37  Extractor x2  
  89  6:38  Lurker Den  
  86  6:42  Drone x3  
  89  6:50  Overlord  
  89  6:53  Drone x2  
  89  6:54  Drone  
  89  6:55  Drone x3  
  89  6:56  Hydralisk  
  89  6:57  Hatchery, Hydralisk x2  
  98  7:12  Hydralisk x5  
  98  7:14  Muscular Augments  
  98  7:15  Drone  
  109  7:19  Pneumatized Carapace  
  109  7:20  Drone  
  110  7:27  Drone x3  
  110  7:28  Drone  
  114  7:31  Drone x2  
  114  7:34  Overlord  
  114  7:35  Overlord  
  114  7:36  Zergling x2  
  116  7:47  Overlord x3  
  116  7:48  Overlord  
  116  7:49  Queen  
  118  7:52  Hydralisk x5  
  118  7:54  Overseer  
  128  8:02  Zerg Missile Weapons Level 2  
  128  8:03  Overlord  
  128  8:05  Drone x6  
  133  8:07  Hydralisk  
  136  8:13  Lurker x4  
  136  8:14  Lurker  
  136  8:15  Zergling x6  
  144  8:20  Hydralisk x2  
  144  8:21  Zergling x2  
  144  8:26  Hydralisk x2  
  153  8:27  Zergling x4  
  153  8:28  Extractor x2  
  153  8:31  Hydralisk  
  153  8:32  Hydralisk  
  153  8:33  Zergling x2  
  158  8:37  Hydralisk  
  158  8:38  Zergling x2  
  158  8:39  Zergling x8  
  162  8:43  Hydralisk x2  
  162  8:44  Zergling x2  
  166  8:54  Zergling x12  
  167  9:11  Hydralisk x8  
  167  9:12  Zergling x2  
  167  9:15  Hydralisk x2  
  184  9:22  Overlord  
  184  9:30  Overlord x3  
  184  9:37  Overlord  
  184  9:39  Queen  
  184  9:42  Hatchery  
  185  9:46  Lurker  
  185  9:47  Lurker x4  
  185  9:48  Lurker  
  185  9:49  Zergling x2  
  185  9:50  Zergling x16  
  200  9:58  Infestation Pit  
  191  10:13  Hydralisk  
  191  10:14  Hydralisk x4  
  191  10:18  Zerg Melee Weapons Level 1  
  192  10:25  Hydralisk x9  
  193  10:32  Zergling x2  
  193  10:33  Zergling x14  
  196  10:39  Hydralisk  
  196  10:40  Hydralisk x2  
  187  10:44  Hydralisk  
  173  10:54  Hydralisk x4  
  173  10:56  Hive  
  177  11:00  Hydralisk x3  
  161  11:04  Hydralisk  
  161  11:07  Hydralisk  
  143  11:11  Queen  
  143  11:14  Hydralisk x3  
  144  11:19  Zergling x8  
  144  11:24  Zergling x4  
  143  11:27  Hydralisk  
  143  11:28  Hydralisk x2  
  143  11:29  Zergling x2  
  143  11:30  Hydralisk  
  143  11:32  Zergling x2  
  149  11:38  Drone x2, Spore Crawler, Spine Crawler  
  149  11:41  Zergling x2  
  149  11:46  Lurker x3  
  152  11:50  Hydralisk  
  152  11:51  Hydralisk  
  152  11:52  Zergling x2  
  157  11:59  Drone x2  
  157  12:00  Drone  
  160  12:04  Hydralisk x3  
  160  12:05  Zergling x2  
  165  12:21  Overseer x2  
  165  12:28  Hydralisk x6  
  165  12:29  Zergling x16  
  177  12:32  Adaptive Talons  
  177  12:37  Overseer  
  177  12:41  Overseer  
  172  12:46  Hydralisk x6  
  184  12:54  Lurker x2  
  186  13:02  Lurker x2  
  185  13:07  Zergling x26  
  185  13:08  Zergling x6  
  185  13:09  Overseer  
  193  13:13  Drone  
  193  13:19  Drone x3  
  191  13:37  Zerg Missile Weapons Level 3  
  191  13:38  Spire  
  186  13:41  Hydralisk x7  
  192  14:00  Hatchery  
  183  14:03  Hydralisk x6  
  183  14:04  Zergling x2  
  185  14:16  Lurker x2  
  185  14:19  Hydralisk x4  
  185  14:20  Zergling x6  
  196  14:24  Hydralisk  
  196  14:25  Zergling x2  
  196  14:26  Zergling x4  
  198  14:43  Lurker  
  185  14:53  Hydralisk x4  
  185  14:54  Zergling x2, Hydralisk x3  
  200  15:13  Hydralisk x5  
  200  15:14  Zergling x2  
  182  15:16  Hydralisk x4  
  182  15:17  Zergling x2  
  182  15:20  Hydralisk x2  
  159  15:21  Zergling x2  
  159  15:22  Zergling x2  
  159  15:26  Hydralisk  
  159  15:27  Zergling x4  
  154  15:34  Hydralisk x2  
  138  15:37  Overseer  
  138  15:41  Hydralisk  
  138  15:42  Zergling x4  
  122  15:51  Hydralisk x3  
  122  15:56  Zergling x4  
  128  15:57  Zergling x2  
  129  16:05  Lurker x3  
  132  16:13  Lurker  
  132  16:14  Lurker  
  132  16:15  Zergling x6  
  137  16:22  Hydralisk  
  137  16:23  Hydralisk  
  141  16:35  Lurker x2  
  141  16:36  Hydralisk x2  
  141  16:37  Zergling x8  
  151  16:52  Hydralisk  
  151  16:53  Zergling x2, Hydralisk x3  
  151  16:54  Zergling x2  
  157  16:58  Zergling x6  
  160  17:12  Zergling x8  
  160  17:13  Zergling x12  
  165  17:19  Lurker x2  
  165  17:20  Lurker  
  161  17:25  Spore Crawler, Spine Crawler  
  161  17:29  Zergling x8  
  163  17:32  Lurker  
  163  17:33  Lurker  
  162  17:45  Hydralisk x4  
  162  17:48  Hydralisk  
  162  17:50  Zergling x2  
  168  18:00  Zergling x12  
  171  18:08  Zergling x2  
  171  18:09  Zergling x8  
  167  18:16  Lurker  
  167  18:17  Lurker x2  
  168  18:30  Hydralisk  
  168  18:31  Hydralisk x3  
  168  18:32  Zergling x2  
  164  18:39  Lurker x2  
  164  18:40  Lurker  
  165  18:47  Hydralisk  
  165  18:48  Zergling x4  
  167  18:55  Zergling x2  
  158  19:06  Zergling x22  
  158  19:12  Hydralisk  
  158  19:13  Zergling x2  
  158  19:14  Zergling x2  
  162  19:21  Zergling x2  
  159  19:31  Zergling x10  
  158  19:37  Hydralisk  
  158  19:38  Zergling x2  
  137  19:50  Zergling x12  
  143  20:02  Zergling x8  
  144  20:11  Hydralisk  
  144  20:13  Zergling x6  
  109  20:20  Overseer  
  105  20:30  Hydralisk  
  105  20:31  Zergling x2  
  105  20:32  Zergling x6  
  100  20:37  Hatchery  
  100  20:39  Hydralisk  
  100  20:40  Zergling x6  
  98  20:44  Zergling x4  
  100  20:56  Hydralisk x2  
  100  20:57  Zergling x4  
Show
View Real Time Build Order
Export as new Build Order

puCK Protoss - Winner!

Build Orders: 1 Gate Expand, Oracle Opening, Archon Immortal, Zealot Archon, Archon Drop 

Get SALT Encoding   

  12  0:00  Probe  
  13  0:13  Probe  
  14  0:20  Pylon  
  14  0:25  Probe  
  15  0:39  Probe (Chrono Boost), Gateway  
  16  0:48  Probe (Chrono Boost)  
  17  0:50  Assimilator  
  17  0:53  Probe  
  18  1:05  Probe  
  19  1:17  Probe  
  20  1:26  Nexus  
  20  1:36  Cybernetics Core  
  20  1:39  Probe  
  21  1:48  Assimilator  
  21  1:52  Probe  
  22  2:02  Pylon  
  22  2:04  Probe  
  23  2:18  Adept (Chrono Boost)  
  23  2:20  Probe  
  26  2:24  Warp Gate  
  26  2:29  Stargate  
  26  2:32  Probe (Chrono Boost)  
  27  2:39  Probe (Chrono Boost)  
  27  2:40  Adept  
  31  2:45  Probe (Chrono Boost)  
  31  2:50  Probe (Chrono Boost)  
  32  2:53  Probe (Chrono Boost)  
  32  2:56  Probe (Chrono Boost)  
  34  2:58  Pylon, Probe (Chrono Boost)  
  34  3:05  Probe  
  36  3:10  Oracle (Chrono Boost), Probe  
  37  3:17  Probe  
  41  3:22  Probe  
  42  3:29  Probe  
  42  3:32  Robotics Facility  
  43  3:37  Assimilator, Probe  
  43  3:38  Assimilator  
  44  3:41  Probe  
  44  3:44  Twilight Council  
  45  3:49  Probe  
  47  3:55  Probe  
  47  3:56  Gateway  
  47  4:00  Gateway  
  47  4:04  Gateway  
  47  4:12  Probe  
  47  4:16  Probe, Warp Prism (Chrono Boost)  
  49  4:18  Pylon  
  51  4:29  Templar Archives  
  51  4:31  Probe  
  52  4:38  Pylon  
  52  4:39  Zealot  
  54  4:49  Probe x2  
  56  4:56  Pylon  
  56  4:58  Nexus  
  56  5:05  Probe  
  57  5:12  High Templar x3  
  57  5:13  High Templar  
  65  5:14  Observer (Chrono Boost)  
  65  5:17  Pylon, Archon x2  
  65  5:18  Shield Battery  
  66  5:24  Probe  
  66  5:27  Gateway x2  
  67  5:30  Charge  
  67  5:49  Immortal (Chrono Boost)  
  67  5:55  Sentry, Probe  
  67  5:56  Sentry  
  72  5:57  Probe  
  72  6:00  Pylon  
  73  6:05  Gateway  
  73  6:08  Gateway, Zealot x2  
  77  6:18  Shield Battery  
  77  6:21  Immortal  
  79  6:34  Zealot x4  
  79  6:35  Probe x2  
  79  6:37  Probe  
  79  6:39  Psionic Storm  
  90  6:45  Forge  
  90  6:51  Probe  
  90  6:52  Probe x2  
  90  6:53  Zealot  
  95  6:59  Warp Prism (Chrono Boost)  
  97  7:03  Probe  
  97  7:04  Probe x2  
  97  7:07  High Templar x2, Assimilator  
  104  7:08  Assimilator  
  104  7:11  Pylon  
  104  7:15  Probe  
  105  7:23  High Templar x2  
  105  7:24  Protoss Ground Weapons Level 1 (Chrono Boost)  
  105  7:29  Probe x3  
  112  7:31  Gateway x2  
  112  7:37  Immortal (Chrono Boost)  
  112  7:41  Probe  
  117  7:45  Pylon x2  
  117  7:47  Pylon  
  117  7:49  Photon Cannon  
  117  8:03  Probe x3  
  120  8:06  High Templar x3  
  120  8:07  High Templar  
  120  8:09  Zealot x3  
  120  8:11  Archon  
  120  8:12  Archon  
  133  8:13  Zealot  
  133  8:15  Probe  
  133  8:18  Pylon  
  134  8:20  Pylon  
  131  8:28  Observer  
  131  8:33  Robotics Facility  
  132  8:47  Zealot  
  132  8:48  Probe  
  135  8:52  Warp Prism (Chrono Boost)  
  130  8:58  Robotics Facility  
  130  9:03  Nexus  
  130  9:08  High Templar x2  
  130  9:09  High Templar x2  
  138  9:11  Photon Cannon  
  138  9:13  Photon Cannon  
  136  9:20  Pylon  
  136  9:22  Pylon  
  136  9:23  Pylon  
  136  9:24  Immortal (Chrono Boost)  
  136  9:27  Protoss Ground Weapons Level 2  
  136  9:30  Probe  
  141  9:42  Immortal  
  143  9:53  Photon Cannon x2  
  143  9:55  Photon Cannon  
  143  9:56  Zealot x6  
  143  9:57  Photon Cannon, Zealot x2  
  159  10:13  High Templar x2  
  161  10:25  Archon  
  149  10:31  Zealot x6  
  149  10:32  Zealot x2  
  149  10:34  Dark Shrine  
  148  10:47  Zealot x2  
  150  10:51  Observer x3  
  147  11:00  Zealot x5  
  145  11:07  Zealot x3  
  129  11:18  Observer x2  
  129  11:20  Pylon  
  129  11:21  Zealot x4  
  129  11:25  Probe  
  134  11:27  Probe  
  134  11:28  Probe  
  130  11:33  Probe  
  130  11:37  High Templar x3  
  130  11:39  Photon Cannon  
  137  11:41  Archon  
  137  11:47  Photon Cannon, High Templar  
  129  11:48  Photon Cannon, High Templar x2  
  129  11:53  Archon  
  135  11:54  Archon  
  135  11:58  Assimilator, Dark Templar  
  135  11:59  Dark Templar x2  
  135  12:00  Assimilator  
  141  12:03  Protoss Ground Weapons Level 3  
  141  12:06  Pylon  
  139  12:10  Photon Cannon  
  139  12:13  Zealot x3  
  144  12:20  Zealot x3  
  142  12:31  Photon Cannon  
  142  12:32  Photon Cannon  
  142  12:38  High Templar x4  
  148  12:51  Nexus  
  148  12:52  Dark Templar  
  150  12:58  Zealot x4  
  158  13:06  Photon Cannon  
  158  13:08  Photon Cannon  
  158  13:18  Zealot x4  
  158  13:19  Zealot x4  
  170  13:39  High Templar x4  
  170  13:40  High Templar x3  
  182  13:43  Pylon  
  182  13:45  Pylon, Archon x2  
  182  13:46  Archon  
  182  13:47  Pylon  
  168  13:52  Fleet Beacon  
  168  13:53  Zealot x2  
  168  13:55  Immortal x2  
  176  14:01  Assimilator  
  174  14:03  Assimilator  
  160  14:17  Zealot x4  
  160  14:18  Zealot  
  160  14:19  Dark Templar  
  160  14:21  Dark Templar x2  
  176  14:32  Immortal  
  180  14:42  Photon Cannon  
  180  14:45  Photon Cannon, Zealot x5  
  174  14:54  Zealot x2  
  174  14:55  Zealot x2  
  144  15:24  Zealot x7  
  144  15:25  Zealot x2  
  145  15:36  Immortal x2  
  133  16:01  High Templar  
  133  16:02  High Templar  
  133  16:03  Mothership (Chrono Boost)  
  137  16:07  Nexus  
  137  16:08  High Templar x7  
  159  16:14  Archon x3  
  159  16:17  Immortal  
  163  16:21  Pylon  
  163  16:24  Pylon  
  163  16:30  Oracle (Chrono Boost)  
  163  16:38  Pylon  
  149  17:02  Dark Templar  
  149  17:04  High Templar x2  
  149  17:05  Zealot x3  
  161  17:08  Archon  
  161  17:22  Zealot x2  
  157  17:23  Zealot  
  157  17:27  Oracle  
  161  17:30  Photon Cannon  
  161  17:32  High Templar x3  
  161  17:34  Photon Cannon  
  167  17:46  Dark Templar  
  167  17:48  Dark Templar  
  167  17:49  Nexus  
  169  17:52  Zealot x4  
  173  18:02  Pylon  
  173  18:05  Dark Templar  
  173  18:11  Zealot x2  
  177  18:18  Zealot x4  
  177  18:19  Zealot  
  185  18:26  Photon Cannon x2, Dark Templar  
  179  18:28  Photon Cannon x2  
  168  18:42  Immortal  
  158  18:57  Immortal x2  
  160  19:10  Zealot x4  
  160  19:15  Dark Templar  
  170  19:21  Immortal  
  170  19:23  Dark Templar x2  
  166  19:52  Zealot x7  
  145  20:14  Observer x2  
  145  20:15  Zealot x6  
  145  20:16  Zealot x3  
  164  20:26  Observer  
  135  20:43  High Templar x6  
  135  20:47  Immortal  
Tags
 
Add a new tag
Caveats
  • Supply blocks, unpowered buildings, or Contaminate may cause inaccurate times.
  • Supply counts are checked every 10 seconds.